 Dungeon Crawl Stone Soup version 0.22.1-1-ga44c0e56f4 (webtiles) character file.

120 JedernureinKreuz the Conjurer (level 4, 0/33 HPs)
             Began as a Demigod Conjurer on Sept 22, 2018.
             Slain by a jackal (3 damage)
             ... on level 3 of the Dungeon.
             The game lasted 00:10:28 (2718 turns).

JedernureinKreuz the Conjurer (Demigod Conjurer)    Turns: 2718, Time: 00:10:29

Health: 0/33       AC:  3    Str: 11    XL:     4   Next: 47%
Magic:  10/10      EV: 12    Int: 21    God:
Gold:   140        SH:  3    Dex: 16    Spells: 6/7 levels left

rFire    . . .     SeeInvis .   p - +0 short sword
rCold    . . .     Gourm    .   t - +0 buckler
rNeg     . . .     Faith    .   a - +0 robe
rPois    .         Spirit   .   (no helmet)
rElec    .         Reflect  .   g - +0 cloak
rCorr    .         Harm     .   (no gloves)
MR       +....                  (no boots)
Stlth    ++........             (no amulet)
HPRegen  0.11/turn              b - ring of protection from magic
MPRegen  0.12/turn              (no ring)

@: no status effects
A: high mp 1
a: no special abilities


You were on level 3 of the Dungeon.
You were hungry.

You visited 1 branch of the dungeon, and saw 3 of its levels.

You collected 140 gold pieces.

Inventory:

Hand Weapons
 o - a +0 dagger
 p - a +0 short sword (weapon)
 r - a +0 hand crossbow
Missiles
 d - 13 poisoned needles
 i - 2 needles of confusion
Armour
 a - a +0 robe (worn)
 g - a +0 cloak (worn)
 t - a +0 buckler (worn)
Jewellery
 b - a ring of protection from magic (left hand)
Potions
 e - a potion of cancellation
 f - a potion of berserk rage {unknown}
 h - a potion of brilliance {unknown}
 j - 2 potions of flight {unknown}
 l - a potion of curing {unknown}
Comestibles
 c - 7 rations


   Skills:
 + Level 2.4 Dodging
 + Level 2.5 Stealth
 - Level 0.1 Unarmed Combat
 + Level 2.4 Spellcasting
 + Level 4.5 Conjurations


You had 6 spell levels left.
You knew the following spells:

 Your Spells              Type           Power        Failure   Level  Hunger
a - Magic Dart            Conj           ###.         3%          1    None

Your spell library contained the following spells:

 Spells                   Type           Power        Failure   Level  Hunger
 Searing Ray              Conj           ###...       5%          2    ##.....
 Dazzling Spray           Conj/Hex       ##....       28%         3    ###....
 Iskenderun's Mystic Bla  Conj           ###.....     34%         4    ####...
 Force Lance              Conj/Tloc      ##......     67%         4    ####...
 Fulminant Prism          Conj/Hex       ##........   67%         4    ####...


Dungeon Overview and Level Annotations

Branches:
Dungeon (3/15)


Innate Abilities, Weirdness & Mutations

You have an increased reservoir of magic. (+10% MP)


Message History

* * * LOW HITPOINT WARNING * * *
The jackal closely misses you.
Found 18 bolts.
The jackal barely misses you. x2
The orc priest looks encouraged for a moment.
You block the jackal's attack.
Found a cyan potion.
The jackal barely misses you.
Your magical contamination has completely faded away.
The hobgoblin hits you but does no damage.
The jackal bites you but does no damage.
Found an escape hatch in the floor.
Found a ration.
The jackal bites you but does no damage.
The jackal bites you but does no damage.
The hobgoblin hits you but does no damage.
A rat comes into view.
The jackal barely misses you. The jackal bites you.
You die...

.... ##.###.##
... #g###o.####
#.........# #
##.o..g###..#
#.###h.hg..# .#
#....h#h...# ..
..####.g#r...# .
#......h#....#
...>....@#####
#...%r....####
............ยงยง
........#...##
............<#
#.....>.###..#
#.......# ####
#######


You could see an orc priest, a gnoll, an orc, a quokka, 5 jackals, a hobgoblin,
a goblin and a rat.

Vanquished Creatures
  2 adders (D:2)
  2 oozes (D:1)
  6 dart slugs
  3 leopard geckos
  A giant cockroach (D:1)
  5 goblins
  11 hobgoblins
  8 jackals
  A quokka (D:2)
  A ball python (D:2)
  17 bats
  3 frilled lizards
  8 kobolds
  9 rats
77 creatures vanquished.

Notes
Turn   | Place    | Note
-------+----------+-------------------------------------------
     0 | D:1      | JedernureinKreuz the Demigod Conjurer began the quest for
                  | the Orb.
     0 | D:1      | Reached XP level 1. HP: 14/14 MP: 5/5
    61 | D:1      | Reached skill level 4 in Conjurations
   368 | D:1      | Reached XP level 2. HP: 20/20 MP: 1/7
   940 | D:1      | Reached XP level 3. HP: 13/26 MP: 4/8
  1967 | D:2      | Reached XP level 4. HP: 33/33 MP: 5/10
  2241 | D:2      | HP: 1/33 [bat (1)]
  2718 | D:3      | Slain by a jackal

Skill      XL: |  1  2  3 |
---------------+----------+-----
Conjurations   | 4 |  4.5
Stealth        | 2 |  2.5
Dodging        | 2 |  2.4
Spellcasting   | 2 |  2.4
Unarmed Combat | |  0.1

Action                   |  1- 3 |  4- 6 || total
-------------------------+-------+-------++-------
Melee: Unarmed           |    24 |       ||    24
       Short sword       |    12 |    26 ||    38
       Dagger            |     2 |       ||     2
 Cast: Magic Dart        |   104 |    38 ||   142
  Use: Scroll            |       |     6 ||     6
 Stab: Sleeping          |       |     1 ||     1
  Eat: Chunk             |     4 |     2 ||     6
Armor: Robe              |    27 |    30 ||    57
Dodge: Dodged            |    64 |    74 ||   138
Block: Buckler           |       |    17 ||    17
